 Dungeon Crawl Stone Soup version 0.25.1-2-g60ff931df9 (webtiles) character file.

Game seed: 191498314652997314

48 DildoBatman the Magician (level 4, -2/30 HPs)
             Began as a Formicid Wizard on Oct 15, 2020.
             Slain by a kobold
             ... wielding a +0 short sword
              (4 damage)
             ... on level 2 of the Dungeon.
             The game lasted 00:02:42 (1575 turns).

DildoBatman the Magician (Formicid Wizard)          Turns: 1575, Time: 00:02:42

Health: -2/30      AC:  4    Str: 12    XL:     4   Next: 0%
Magic:  4/8        EV: 12    Int: 18    God:
Gold:   62         SH:  0    Dex:  9    Spells: 8/9 levels left

rFire    . . .     SeeInvis +   c - +0 club
rCold    . . .     Gourm    .   (no shield)
rNeg     . . .     Faith    .   a - +0 robe
rPois    .         Spirit   .   (helmet unavailable)
rElec    .         Reflect  .   (no cloak)
rCorr    .         Harm     .   n - +1 pair of gloves {archery}
MR       .....                  (no boots)
Stlth    ++........             (no amulet)
HPRegen  0.10/turn              (no ring)
MPRegen  0.11/turn              (no ring)

@: no status effects
A: permanent stasis, dig shafts and tunnels, four strong arms, antennae 3
a: Dig, Shaft Self


You were on level 2 of the Dungeon.
You were not hungry.

You visited 1 branch of the dungeon, and saw 2 of its levels.

You collected 62 gold pieces.

Inventory:

Hand Weapons
 c - a +0 club (weapon)
 p - a cursed -1 dagger
Missiles
 b - 3 stones (quivered)
 g - 39 bolts
 q - 16 arrows
Armour
 a - a +0 robe (worn)
 l - a +0 tower shield
 n - a +1 pair of gloves of archery (worn)
Scrolls
 d - a scroll of remove curse {unknown}
 f - a scroll of identify {unknown}
 h - 2 scrolls of teleportation {unknown}
 i - a scroll of noise {unknown}
 m - a scroll of magic mapping {unknown}
 o - a scroll of fog {unknown}
Potions
 e - a potion of degeneration {unknown}
 j - 3 potions of curing {unknown}
Comestibles
 v - 3 rations


   Skills:
 - Level 1.7 Dodging
 - Level 2.4 Stealth
 - Level 3.2 Spellcasting
 * Level 3.1 Conjurations
   Level 1.0 Summonings
   Level 0.8 Translocations


You had 8 spell levels left.
You knew the following spells:

 Your Spells              Type           Power        Failure   Level  Hunger
c - Magic Dart            Conj           ##..         4%          1    None

Your spell library contained the following spells:

 Spells                   Type           Power        Failure   Level  Hunger
 Call Imp                 Summ           #.......     16%         2    ##.....
 Slow                     Hex            #.......     24%         2    ##.....
 Conjure Flame            Conj/Fire      #.......     26%         3    ###....
 Mephitic Cloud           Conj/Pois/Air  #.......     30%         3    ###....
 Blink                    Tloc           Unusable     N/A         2    N/A

Dungeon Overview and Level Annotations

Branches:
Dungeon (2/15)

Altars:


Innate Abilities, Weirdness & Mutations

You cannot be hasted, slowed, berserked, paralysed or teleported.
You can dig through walls and to a lower floor.
Your four strong arms can wield two-handed weapons with a shield.
You have a pair of large antennae on your head. (SInv)


Message History

Orders for allies: a - Attack new target. r - Retreat! s - Stop attacking. g - Guard the area. f - Follow me.
Anything else - Cancel.
You shout for attention!
The adder bites you. The frilled lizard barely misses you.
The kobold hits you but does no damage. What are your orders? t - Shout!
Orders for allies: a - Attack new target. r - Retreat! s - Stop attacking. g - Guard the area. f - Follow me.
Anything else - Cancel.
You shout for attention!
The adder bites you but does no damage. The frilled lizard closely misses you.
The dart slug closely misses you.
The kobold hits you with a +0 short sword.
You die...

#############
.(..........#..
......SwK......
...#####@#
.......l##
##.#..#'##
.........#########
........<รท........
..#......#....###
..........[.......
..................
#####.####....##.#


You could see an adder, a dart slug, a kobold and a frilled lizard.

Vanquished Creatures
  A gnoll (D:1)
  An ooze (D:1)
  A dart slug (D:1)
  3 giant cockroaches
  6 goblins
  2 hobgoblins (D:1)
  4 kobolds (D:1)
  A quokka (D:2)
  4 bats
  4 frilled lizards (D:1)
  5 rats (D:1)
32 creatures vanquished.

Notes
Turn   | Place    | Note
-------+----------+-------------------------------------------
     0 | D:1      | DildoBatman the Formicid Wizard began the quest for the
                  | Orb.
     0 | D:1      | Reached XP level 1. HP: 13/13 MP: 4/4
    56 | D:1      | Reached skill level 1 in Conjurations
   208 | D:1      | Reached XP level 2. HP: 12/19 MP: 3/6
   693 | D:1      | Reached XP level 3. HP: 24/24 MP: 2/7
  1545 | D:2      | Reached XP level 4. HP: 28/30 MP: 1/8
  1575 | D:2      | Slain by a kobold

Illustrated notes

Levels and vault maps discovered:
D:1:      elethiomel_arrival_maze, layout_loops_corners,
          hangedman_decor_clover_reticule, serial_park_tiny_2
D:2:      layout_basic, fiery_altar_vehumet, lemuel_round_altar, led_sif_pool,
          uniq_terence, uniq_robin

Skill      XL: |  1  2  3 |
---------------+----------+-----
Conjurations   | 1 2 3 |  3.1
Dodging        | |  1.7
Stealth        | |  2.4
Spellcasting   | |  3.2
Summonings     | |  1.0
Translocations | |  0.8

Action                   |  1- 3 |  4- 6 || total
-------------------------+-------+-------++-------
Melee: Club              |    12 |       ||    12
 Cast: Magic Dart        |    71 |     1 ||    72
 Abil: Dig               |     1 |     1 ||     2
  Eat: Chunk             |     2 |       ||     2
Armor: Robe              |     6 |    13 ||    19
Dodge: Dodged            |    20 |    40 ||    60
